Map: Beckett Industries LE

Players

LiquidMaNa (MaNa) - Winner!

  • Race: Protoss Protoss
  • League: Grandmaster

SortOf

  • Race: Zerg Zerg
  • League: Master

Event: DreamHack SC2 Masters 2021 Summer

VOD

Have the link to the VOD?

Description

Time

  • Played on: May 23, 2021, 2:09 p.m.
  • Length: 5:46

All games in this series

Show
View Real Time Build Order
Export as new Build Order

LiquidMaNa Protoss - Winner!

Build Orders: Mass Adepts 

Get SALT Encoding   

  12  0:00  Probe  
  13  0:12  Probe  
  14  0:19  Pylon  
  14  0:24  Probe  
  15  0:37  Probe (Chrono Boost)  
  16  0:42  Gateway  
  16  0:47  Probe (Chrono Boost)  
  16  0:49  Assimilator  
  17  0:52  Probe (Chrono Boost)  
  18  1:03  Probe  
  19  1:11  Gateway  
  19  1:15  Probe  
  20  1:24  Pylon  
  20  1:28  Probe  
  20  1:30  Cybernetics Core  
  21  1:34  Zealot  
  23  1:42  Probe  
  23  1:45  Pylon  
  24  1:54  Probe  
  25  2:04  Adept x2 (Chrono Boost)  
  25  2:07  Warp Gate  
  29  2:13  Probe  
  30  2:27  Adept x2  
  34  2:34  Probe  
  34  2:46  Probe  
  34  2:51  Nexus  
  33  3:00  Probe  
  34  3:08  Twilight Council  
  34  3:13  Probe  
  35  3:23  Pylon  
  35  3:24  Assimilator  
  35  3:25  Probe  
  36  3:37  Probe  
  36  3:38  Resonating Glaives (Chrono Boost)  
  37  3:43  Gateway  
  37  3:46  Gateway  
  37  3:49  Probe  
  37  3:55  Stalker  
  40  4:01  Probe  
  41  4:03  Probe  
  41  4:05  Adept  
  44  4:13  Probe  
  44  4:15  Probe  
  46  4:19  Pylon  
  46  4:26  Adept x2, Probe  
  46  4:27  Probe  
  52  4:32  Assimilator  
  52  4:41  Probe x2  
  54  4:48  Adept x4  
  62  4:53  Probe  
  62  4:56  Dark Shrine  
  62  4:58  Assimilator  
  63  5:02  Probe  
  63  5:06  Pylon, Probe  
  63  5:26  Adept x4  
  71  5:29  Probe  
Show
View Real Time Build Order
Export as new Build Order

SortOf Zerg 

Build Orders: Hatch First 

Get SALT Encoding   

  12  0:00  Drone  
  13  0:12  Overlord  
  13  0:16  Drone  
  14  0:31  Drone x2  
  16  0:49  Hatchery  
  15  0:53  Drone  
  15  0:56  Drone  
  17  0:59  Drone  
  18  1:09  Extractor  
  17  1:14  Spawning Pool  
  17  1:18  Drone  
  17  1:21  Drone  
  18  1:30  Drone  
  19  1:38  Drone  
  20  1:52  Overlord  
  20  2:01  Queen x2  
  20  2:04  Drone  
  20  2:05  Zergling x2  
  26  2:13  Zergling x2  
  26  2:15  Metabolic Boost, Spine Crawler  
  26  2:21  Drone  
  27  2:23  Drone  
  27  2:26  Zergling x2  
  28  2:40  Zergling x2  
  28  2:41  Queen  
  28  2:43  Zergling x2  
  31  2:47  Zergling x2  
  31  2:48  Extractor  
  31  2:50  Drone  
  28  2:53  Zergling x2  
  28  2:55  Zergling x2  
  28  3:07  Zergling x4  
  28  3:11  Drone  
  30  3:13  Drone  
  30  3:19  Zergling x2  
  30  3:23  Zergling x2  
  32  3:27  Drone  
  32  3:32  Queen  
  34  3:40  Drone x2  
  36  3:46  Overlord  
  36  3:58  Overlord  
  36  4:04  Queen  
  36  4:06  Drone x2  
  36  4:08  Drone x2  
  42  4:13  Drone  
  42  4:14  Drone  
  44  4:26  Hatchery  
  44  4:30  Drone  
  44  4:32  Drone x2  
  44  4:34  Drone  
  47  4:40  Drone x2  
  49  4:46  Roach Warren  
  49  4:50  Overlord  
  49  4:52  Drone  
  49  4:58  Zergling x6  
  52  5:05  Overlord  
  52  5:08  Overlord  
  52  5:10  Zergling x6  
  55  5:14  Zergling x4  
  55  5:20  Zergling x4  
Tags
 
Add a new tag
Caveats
  • Supply blocks, unpowered buildings, or Contaminate may cause inaccurate times.
  • Supply counts are checked every 10 seconds.